Build Orders - Match 35136529 - cohdb - Company of Heroes 3 Replays
cohdb
Replays
Latest Replays
All Replays
Popular Replays
Top Player Replays
Match Explorer
How It Works
Community
CoH3 Stats
Reddit
Sign in to upload your games and track your stats! →
Sign in with Steam
Match 35136529
Unlisted
Match 35136529
Overview
Messages
Build Orders
End
Kettenkrad Recon Vehicle
Construct Infanterie Kompanie
Selects Mechanized Battlegroup
MG 42 Machine Gun Team
Grenadier Squad
Grenadier Squad
Construct Panzergrenadier Kompanie
251 Medium Carrier
251 Medium Carrier
Selects Mobile Repair Stations
251 Medium Carrier
Pak 40 Anti-tank Gun Team
Panzergrenadier Squad
251 Medium Carrier
Selects Raid Package
Construct Luftwaffe Kompanie
Selects StuG Assault Group
Selects UNKNOWN (2160084)
Jäger Squad
Jäger Squad
Construct Panzer Kompanie
Kettenkrad Recon Vehicle
Selects Wespe Self-propelled Artillery
Luftwaffe Officer Quarters
Panther Heavy Tank
Selects Zeroing Artillery Barrage
Jäger Squad
Zeroing Artillery Barrage
Panther Heavy Tank
Howdenn
Pizzeria
Вольтер Біленко
Revan
JoyfulWarrior%
XenosHeresy
0
0
Comments
sign in to comment!
No comments posted yet!